 Dungeon Crawl Stone Soup version 0.29.0-3-gbb0933ed62 (webtiles) character file.

Game seed: 6593838578923354242

662 Zeld the Magician (level 7, -5/45 HPs)
             Began as a Djinni Conjurer on Aug 25, 2022.
             Slain by a yak (11 damage)
             ... on level 4 of the Dungeon.
             The game lasted 00:08:04 (7337 turns).

Zeld the Magician (Djinni Conjurer)                 Turns: 7337, Time: 00:08:04

Health: -5/45      AC:  3    Str:  6    XL:     7   Next: 87%
Gold:   276        EV: 13    Int: 21    God:
                   SH:  0    Dex: 12

rFire   + + +      SeeInvis .   (no weapon)
rCold   x . .      Faith    .   (no shield)
rNeg    . . .      Spirit   .   a - +0 robe
rPois   ∞          Reflect  .   (no helmet)
rElec   .          Harm     .   c - +0 cloak
rCorr   .          Rampage  .   (no gloves)
Will    .....                   (boots unavailable)
Stlth   ++........              (no amulet)
HPRegen 0.15/turn               h - ring of protection from fire
MPRegen 0.00/turn               n - ring of wizardry

@: flying
A: sickness immunity, fire resistance 2, cold vulnerability 1, float, innate
caster, HP casting, extra vitality 1
a: no special abilities


You were on level 4 of the Dungeon.
You visited 1 branch of the dungeon, and saw 4 of its levels.

You collected 276 gold pieces.

Inventory:

Armour
 a - a +0 robe (worn)
 c - a +0 cloak (worn)
 m - the +1 scale mail of the Pirate {SInv}
   (You found it on level 2 of the Dungeon)

   SInv:      It lets you see invisible.
Jewellery
 h - a ring of protection from fire (left hand)
 n - a ring of wizardry (right hand)
Wands
 i - a wand of flame (12)
 r - a wand of iceblast (7)
Scrolls
 b - 3 scrolls of amnesia {unknown}
 d - 2 scrolls of immolation {unknown}
 e - 3 scrolls of identify {unknown}
 g - a scroll of torment {unknown}
 k - 3 scrolls of teleportation {unknown}
 l - a scroll of magic mapping {unknown}
 v - a scroll of acquirement {unknown}
 w - a scroll of fear {unknown}
Potions
 f - 2 potions of heal wounds {unknown}
 j - 2 potions of curing {unknown}
 o - 2 potions of cancellation {unknown}
 p - a potion of ambrosia {unknown}
 q - 2 potions of degeneration {unknown}
 s - a potion of might {unknown}
 t - a potion of berserk rage {unknown}
 u - a potion of attraction {unknown}


   Skills:
 + Level 4.9 Dodging
 + Level 4.0 Stealth
 * Level 5.3 Spellcasting


You couldn't memorise any spells.
You knew the following spells:

 Your Spells              Type           Power      Damage    Failure   Level
a - Magic Dart            Conj           100%       1d8       1%          1
b - Searing Ray           Conj           54%        2d6       1%          2
c - Dazzling Flash        Conj/Hex       54%        N/A       1%          3
d - Fulminant Prism       Conj/Hex       13%        3d9       4%          4
e - Iskenderun's Mystic   Conj/Tloc      27%        2d7       4%          4
f - Apportation           Tloc           54%        N/A       1%          1
g - Call Imp              Summ           27%        N/A       1%          2
h - Call Canine Familiar  Summ           27%        N/A       1%          3
Your spell library was empty.

Dungeon Overview and Level Annotations

Branches:
Dungeon (4/15)
 Temple: D:4-7

Altars:


Innate Abilities, Weirdness & Mutations

You are immune to sickness and miasma.
You are immune to poison.
Your flesh is very heat resistant. (rF++)
You are vulnerable to cold. (rC-)
You float through the air rather than walking.
You learn spells naturally, not from books.
Your magical power is your life essence.
You have superior vitality. (+4 MHP)


Message History

Your crimson imp disappears in a puff of smoke!
You feel yourself speed up.
You hear a bellow!
Your fulminant prism explodes!
The blast of energy engulfs the yak!!
The yak is almost dead.
You hear a bellow!
Unknown command.
Unknown command.
You fly upwards.
There is a stone staircase leading down here.
You start resting.
Your magical contamination has completely faded away.
You start resting.
HP restored.
You fly downwards.
The yak gores you.
There is a stone staircase leading up here.
Casting: Iskenderun's Mystic Blast (dangerous; 4% risk of failure)
Confirm with . or Enter, or press ? or * to list all spells.
You erupt in a blast of force!
The mystic blast hits the yak.
The yak is moderately wounded.
The yak gores you.
A yak is nearby!
Unknown command.
Unknown command.
Casting: Iskenderun's Mystic Blast (dangerous; 4% risk of failure)
Confirm with . or Enter, or press ? or * to list all spells.
You erupt in a blast of force!
The mystic blast hits the yak.
The yak is moderately wounded.
The yak closely misses you.
A yak is nearby!
Casting: Iskenderun's Mystic Blast (dangerous; 4% risk of failure)
Confirm with . or Enter, or press ? or * to list all spells.
You erupt in a blast of force!
The mystic blast hits the yak!
The yak is severely wounded.
The yak gores you!
* * * LOW HITPOINT WARNING * * *
Unknown command.
The yak attacks as you move away! The yak gores you!
You die...

###### ##...>. ##...... #.......
############ #.......
......>....############# #.......
###................)...###.......
# #.........<###Y....#...........
######.#####..##@....##)..#......
..####.# ##..#.....#..##.......
.....#.# ##.........###.).....
.......# ###.....#####.......
.....#Y#### #....># #(........
[.........######.....# #.........
............Y..####### #.........
....##.#######...#######.........
...###.# ###.Y....Y..........


You could see a yak.

Vanquished Creatures
  2 yaks (D:4)
  A centaur (D:4)
  A scorpion (D:3)
  A howler monkey (D:4)
  A hound (D:4)
  Natasha (twice) (D:2)
  5 adders
  An ufetubus (D:4)
  A worm (D:4)
  6 endoplasms
  4 giant cockroaches
  14 goblins
  5 hobgoblins
  3 jackals (D:1)
  2 quokkas
  6 ball pythons
  4 bats
  3 frilled lizards
  7 kobolds
  5 rats
  A spectral hobgoblin (D:2)
75 creatures vanquished.

Vanquished Creatures (collateral kills)
  An adder (D:4)
  A giant cockroach (D:4)
2 creatures vanquished.

Vanquished Creatures (others)
  6 fulminant prisms (D:4)
6 creatures vanquished.

Grand Total: 83 creatures vanquished

Notes
Turn   | Place    | Note
-------+----------+-------------------------------------------
     0 | D:1      | Zeld the Djinni Conjurer began the quest for the Orb.
     0 | D:1      | Zeld set off with the following spells memorised: Magic
                  | Dart, Searing Ray, Dazzling Flash, Fulminant Prism,
                  | Iskenderun's Mystic Blast.
     0 | D:1      | Reached XP level 1. HP: 15/15 MP: 0/0
   560 | D:1      | Reached XP level 2. HP: 15/21 MP: 0/0
  1340 | D:1      | Reached XP level 3. HP: 8/25 MP: 0/0
  1340 | D:1      | Learned a level 1 spell: Apportation
  2027 | D:2      | Noticed Natasha
  2034 | D:2      | Killed Natasha
  2035 | D:2      | Reached XP level 4. HP: 17/31 MP: 0/0
  2727 | D:2      | Identified the +1 scale mail of the Pirate {SInv}
  2770 | D:2      | Found a faded altar of an unknown god.
  3399 | D:2      | Reached XP level 5. HP: 18/35 MP: 0/0
  3399 | D:2      | Learned a level 2 spell: Call Imp
  3928 | D:2      | Noticed Natasha
  3941 | D:2      | Killed Natasha
  3942 | D:2      | Reached skill level 4 in Spellcasting
  5107 | D:3      | Reached XP level 6. HP: 4/40 MP: 0/0
  5520 | D:4      | Noticed a yak
  5520 | D:4      | Noticed a yak
  5521 | D:4      | Noticed a yak
  6248 | D:4      | Noticed a yak
  6248 | D:4      | Noticed a yak
  6267 | D:4      | Killed a yak
  6268 | D:4      | Reached XP level 7. HP: 16/45 MP: 0/0
  6268 | D:4      | Learned a level 3 spell: Call Canine Familiar
  6280 | D:4      | Reached skill level 5 in Spellcasting
  6807 | D:4      | Killed a yak
  7337 | D:4      | Slain by a yak

Illustrated notes

Levels and vault maps discovered:
D:1:      minmay_arrival_three_doors, layout_basic, roderic_lattice_a,
          grunt_decor_fettered, st_stairs_10
D:2:      layout_basic, dreamdust_ecumenical_altar_drowned_temple,
          minmay_diced_spiral, uniq_natasha
D:3:      layout_basic
D:4:      layout_rooms, mainiacjoe_overflow_alcove_4

Skill      XL: |  1  2  3  4  5  6  7 |
---------------+----------------------+-----
Stealth        | 2 3 4 |  4.0
Dodging        | 3 4 |  4.9
Spellcasting   | 4 5 |  5.3

Action                   |  1- 3 |  4- 6 |  7- 9 || total
-------------------------+-------+-------+-------++-------
Melee: Unarmed           |     5 |    15 |       ||    20
 Cast: Magic Dart        |    50 |   115 |     3 ||   168
       Searing Ray       |     1 |    11 |     1 ||    13
       Iskenderun's Myst |       |     1 |     6 ||     7
       Fulminant Prism   |       |     2 |     4 ||     6
       Call Imp          |       |     2 |     3 ||     5
Armor: Robe              |     5 |    11 |     1 ||    17
Dodge: Dodged            |    17 |    41 |     4 ||    62
